[Event "Team 45 45 League T59"]
[Site "Internet Chess Club"]
[Date "2013.11.24"]
[Round "1"]
[White "xwang1"]
[Black "Matusalen"]
[Result "0-1"]
[WhiteElo "2111"]
[BlackElo "2195"]
[Opening "Scandinavian: Pytel-Wade variation"]
[ECO "B01"]
[Time "16:31:58"]
[TimeControl "2700+45"]

1. e4 d5 2. exd5 Qxd5 3. Nc3 Qd6 4. d4 Nf6 5. Nf3 c6 6. Ne5 Nbd7 7. Nc4 Qc7 8.
Qf3 Nb6 9. Bf4 Qd7 10. Nxb6 axb6 11. O-O-O Qg4 12. Qe3 Qe6 13. Qd2 Rxa2 14. Nxa2
Qxa2 15. Qd3 Nd5 16. Be3 g6 17. Qa3 Qxa3 18. bxa3 b5 19. Kb2 Bg7 20. c3 Bf5 21.
Be2 O-O 22. h4 Ra8 23. c4 bxc4 24. Bxc4 Be4 25. Bxd5 Bxd5 26. f3 h5 27. Rhe1 Ra4
28. Rd2 b5 29. Red1 e5 30. Bf2 exd4 31. Bxd4 Rxd4 32. Rxd4 c5 33. Kc3 Bc6 34.
Kb3 Bxd4 35. Rd2 Bd5+ 36. Kc2 Bc4 37. g4 Be6 38. Rg2 hxg4 39. fxg4 Kg7 40. Kd3
Bd5 41. Rg3 Be5 42. Rg1 Bb2 {White resigns} 0-1

[Event "Team 45 45 League T59"]
[Site "Internet Chess Club"]
[Date "2013.11.24"]
[Round "1"]
[White "Ptzz"]
[Black "Happybear"]
[Result "1-0"]
[WhiteElo "2085"]
[BlackElo "1890"]
[Opening "QGD: exchange, positional line"]
[ECO "D35"]
[Time "08:33:59"]
[TimeControl "2700+45"]

1. d4 d5 2. c4 e6 3. Nc3 Nf6 4. cxd5 exd5 5. Bg5 Be7 6. e3 O-O 7. Qc2 c6 8. Bd3
h6 9. Bf4 Be6 10. h3 c5 11. Nge2 Nc6 12. a3 Rc8 13. O-O Qd7 14. dxc5 Bxc5 15.
Rfd1 Rfd8 16. Bb5 a6 17. Bxc6 Rxc6 18. Be5 Be7 19. Nd4 Rc4 20. Qe2 b5 21. Qf3
Qb7 22. Nce2 Ne4 23. Nf4 Bc8 24. Nd3 f6 25. Bh2 Bc5 26. Nxc5 Rxc5 27. Rac1 Nd2
28. Qe2 Rxc1 29. Rxc1 Nc4 30. b3 Ne5 31. Qh5 Qe7 32. Bxe5 fxe5 33. Nc6 Qxa3 34.
Qd1 Re8 35. b4 Qa2 36. Rc2 Qb3 37. Ne7+ Kh7 38. Qh5 Qb1+ 39. Kh2 Rxe7 40. Rxc8
d4 41. Qf3 Qg6 42. Qa8 Qf6 43. Qe4+ g6 44. Rc6 Qf5 45. Qxf5 gxf5 46. exd4 exd4
47. Rd6 Rc7 48. Rxd4 Rc4 49. Rd6 Rxb4 50. Rxa6 Rb3 51. Rf6 Rb1 52. Rxf5 b4 53.
Rf6 b3 54. Rb6 b2 55. Kg3 Kg7 56. f3 Kf7 57. Kh4 Kg7 58. Kh5 {Black resigns} 1-0

[Event "Team 45 45 League T59"]
[Site "Internet Chess Club"]
[Date "2013.11.23"]
[Round "1"]
[White "charles-allen"]
[Black "perikitosax"]
[Result "1/2-1/2"]
[WhiteElo "1911"]
[BlackElo "1984"]
[Opening "Sicilian defense"]
[ECO "B40"]
[Time "14:11:10"]
[TimeControl "2700+45"]

1. e4 c5 2. Nf3 e6 3. c3 Nf6 4. e5 Nd5 5. d4 cxd4 6. cxd4 d6 7. a3 Nd7 8. Bd3
dxe5 9. dxe5 Nc5 10. Bc4 Nb6 11. Qxd8+ Kxd8 12. Bg5+ Be7 13. Nbd2 Bxg5 14. Nxg5
Ke7 15. Be2 Bd7 16. b4 Nca4 17. O-O Bc6 18. Nge4 Rhd8 19. Rac1 Rd4 20. Bf3 Rad8
21. Rc2 Rd3 22. Nd6 Bxf3 23. Nxf3 Rd7 24. Rfc1 f6 25. Ne1 Rd4 26. Nb5 R4d5 27.
exf6+ gxf6 28. Nxa7 e5 29. Rc7 Kd8 30. Rxd7+ Kxd7 31. Rc2 e4 32. Kf1 f5 33. Ke2
f4 34. g3 fxg3 35. fxg3 Rh5 36. Ke3 Re5 37. Rd2+ Ke6 38. Rc2 Nd5+ 39. Kd4 Ndb6
40. g4 {Game drawn by mutual agreement} 1/2-1/2

[Event "Team 45 45 League T59"]
[Site "Internet Chess Club"]
[Date "2013.11.25"]
[Round "1"]
[White "Baseta"]
[Black "Stiltzkin"]
[Result "1-0"]
[WhiteElo "1822"]
[BlackElo "1628"]
[Opening "Queen's Indian: Nimzovich variation (exaggerated fianchetto)"]
[ECO "E15"]
[Time "11:00:16"]
[TimeControl "2700+45"]

1. d4 Nf6 2. Nf3 e6 3. c4 b6 4. g3 Ba6 5. Qa4 c5 6. Bg2 Bb7 7. dxc5 bxc5 8. O-O
Be7 9. Rd1 Qb6 10. Nc3 O-O 11. Qc2 Nc6 12. Na4 Qa6 13. Bg5 Nb4 14. Qb3 Bc6 15.
Nc3 d5 16. cxd5 Nbxd5 17. Ne5 Nxc3 18. Nxc6 Nxe2+ 19. Kh1 Bd8 20. Qf3 Rc8 21.
Nxd8 Rfxd8 22. Bf1 Rxd1 23. Rxd1 Nd4 24. Bxa6 Nxf3 25. Bxc8 {Black resigns} 1-0

[Event "Team 45 45 League T59"]
[Site "Internet Chess Club"]
[Date "2013.11.25"]
[Round "1"]
[White "DaveTheRook"]
[Black "QuieroAprender"]
[Result "1/2-1/2"]
[WhiteElo "1674"]
[BlackElo "1677"]
[Opening "Réti opening"]
[ECO "A05"]
[Time "18:52:25"]
[TimeControl "2700+45"]

1. Nf3 Nf6 2. g3 c6 3. Bg2 g6 4. d3 Bg7 5. O-O O-O 6. c3 d5 7. Nbd2 c5 8. e4
dxe4 9. dxe4 Nc6 10. Qc2 e5 11. Re1 h6 12. h3 Be6 13. Nf1 Nh5 14. Be3 b6 15.
Rad1 Qc8 16. Kh2 f5 17. exf5 Bxf5 18. Qb3+ Be6 19. Qc2 Bf5 20. Qa4 Bd7 21. Qc2
Qe8 22. Nh4 Rc8 23. Qxg6 Rf6 24. Qxe8+ Bxe8 25. Bc1 Rxf2 26. Kg1 Rf6 27. Bd5+
Kh8 28. Kg2 Ne7 29. Bb7 Bc6+ 30. Bxc6 Nxc6 31. Ne3 Re6 32. Nhf5 Rg6 33. Rd7 Nf4+
34. Kh2 Ne6 35. Nd5 Rd8 36. Rxd8+ Nexd8 37. Nxg7 Kxg7 38. Re2 Nb7 39. Kg2 Nd6
40. Ne3 h5 41. Nf1 Nf5 42. Rd2 Nh4+ 43. Kf2 Rf6+ 44. Ke2 Nf3 45. Rd7+ Kg6 46. h4
Ng1+ 47. Ke1 Nf3+ 48. Ke2 {Game drawn by mutual agreement} 1/2-1/2

[Event "Team 45 45 League T59"]
[Site "Internet Chess Club"]
[Date "2013.11.22"]
[Round "1"]
[White "isolani"]
[Black "pokerram"]
[Result "1/2-1/2"]
[WhiteElo "1635"]
[BlackElo "1684"]
[Opening "King's Indian: East Indian defense"]
[ECO "A48"]
[Time "18:00:41"]
[TimeControl "2700+45"]

1. d4 Nf6 2. Nf3 g6 3. e3 Bg7 4. Bd3 O-O 5. O-O d6 6. Nc3 c5 7. h3 a6 8. e4 cxd4
9. Nxd4 Nc6 10. Be3 Nxd4 11. Bxd4 e5 12. Be3 d5 13. Nxd5 Nxd5 14. exd5 Qxd5 15.
Qe2 b5 16. c4 bxc4 17. Bxc4 Qa5 18. Rfd1 Bb7 19. Rd7 Bc6 20. Rd6 Bb5 21. b3 Bxc4
22. Qxc4 Rfc8 23. Rc6 Rxc6 24. Qxc6 Qd8 25. Rc1 Qe8 26. Kf1 {Game drawn by
mutual agreement} 1/2-1/2

[Event "Team 45 45 League T59"]
[Site "Internet Chess Club"]
[Date "2013.11.23"]
[Round "1"]
[White "Megasus"]
[Black "Andressa"]
[Result "1-0"]
[WhiteElo "1483"]
[BlackElo "1460"]
[Opening "Queen's pawn game, Darooha variation "]
[ECO "D02"]
[Time "06:06:49"]
[TimeControl "2700+45"]

1. Nf3 d5 2. d4 Nf6 3. Nbd2 Nc6 4. a3 Bf5 5. e3 a6 6. b3 e6 7. h3 h6 8. Bb2 Be7
9. c4 O-O 10. c5 Nd7 11. Rc1 e5 12. b4 exd4 13. Nxd4 Nxd4 14. Bxd4 Bf6 15. Nf3
Re8 16. Bd3 Bxd4 17. Nxd4 Bxd3 18. Qxd3 Ne5 19. Qc2 Nc4 20. Qc3 Qg5 21. O-O Re4
22. Nf3 Qg6 23. Rcd1 c6 24. Rd3 Rae8 25. Rfd1 R8e6 26. Nd2 Nxd2 27. Qxd2 Rh4 28.
Kh2 Re5 29. Rd4 Rg5 30. Rxh4 Rxg2+ 31. Kh1 Qg5 32. Qd4 {Black resigns} 1-0

[Event "Team 45 45 League T59"]
[Site "Internet Chess Club"]
[Date "2013.11.26"]
[Round "1"]
[White "PJ"]
[Black "nidusin2"]
[Result "1-0"]
[WhiteElo "1629"]
[BlackElo "1601"]
[Opening "Sicilian: closed"]
[ECO "B23"]
[Time "05:00:38"]
[TimeControl "2700+45"]

1. e4 c5 2. Nc3 d6 3. g3 Nf6 4. Bg2 e6 5. d3 Nc6 6. f4 Qc7 7. Nf3 a6 8. h3 Be7
9. O-O b5 10. e5 Nd7 11. exd6 Bxd6 12. Ne4 Be7 13. b3 Nf6 14. Bb2 Bb7 15. Ne5
Nxe4 16. Bxe4 Bf6 17. Qf3 Nd8 18. d4 Bxe4 19. Qxe4 Qb7 20. Qxb7 Nxb7 21. Rad1
O-O-O 22. Nxf7 Rhf8 23. Nxd8 Rxd8 24. c3 cxd4 25. cxd4 Na5 26. Rf2 Nc6 27. Rc2
Kb7 28. Rdc1 Nb4 29. Rc7+ Kb6 30. a3 Nd3 31. R1c6+ Ka5 32. Bc3+ b4 33. axb4+
Nxb4 34. Rc5+ Kb6 35. Bxb4 Bxd4+ 36. Kg2 Bxc5 37. Rxc5 Rd3 38. Rc3 Rd5 39. Bf8
g6 40. Bg7 h5 41. h4 Kb5 42. Kf3 Kb4 43. Re3 Rd1 44. Bf8+ Kb5 45. Rxe6 Rd3+ 46.
Re3 Rd1 47. Ke4 Kc6 48. Ke5 Rd8 49. Be7 Re8 50. Kf6 Kd7 51. Kf7 Rb8 52. Rd3+ Kc6
53. Kxg6 {Black resigns} 1-0

[Event "Team 45 45 League T59"]
[Site "Internet Chess Club"]
[Date "2013.11.21"]
[Round "1"]
[White "fireball"]
[Black "oldway"]
[Result "0-1"]
[WhiteElo "1732"]
[BlackElo "1779"]
[Opening "Ruy Lopez: closed, Bogolyubov variation"]
[ECO "C91"]
[Time "21:06:59"]
[TimeControl "2700+45"]

1. e4 e5 2. Nf3 Nc6 3. Bb5 a6 4. Ba4 Nf6 5. O-O Be7 6. Re1 b5 7. Bb3 O-O 8. c3
d6 9. d4 Bg4 10. d5 Na5 11. Bc2 c6 12. b4 Nc4 13. dxc6 Qc7 14. a4 Qxc6 15. Nbd2
Rfc8 16. Nxc4 Qxc4 17. Bb2 Qc6 18. Qe2 Be6 19. Nd2 h6 20. Bd3 bxa4 21. b5 Qb6
22. Rxa4 axb5 23. Rb4 Bd7 24. Bxb5 Bg4 25. Qd3 d5 26. Bd7 Bxb4 27. Bxc8 Bc5 28.
Rb1 Bxf2+ 29. Kf1 Rxc8 30. Ba3 Qe3 31. Qxe3 Bxe3 32. Nf3 Bxf3 33. gxf3 dxe4 34.
fxe4 Rxc3 35. Bd6 Rc1+ 36. Rxc1 Bxc1 37. Bxe5 Nxe4 38. Kg2 f5 39. h4 g5 40. hxg5
hxg5 41. Kf3 Kf7 42. Bd4 Ke6 43. Bg7 g4+ 44. Kg2 f4 45. Bd4 Kf5 46. Ba7 Ng3 47.
Bb8 Ke4 48. Ba7 Kd3 49. Kf2 Be3+ 50. Bxe3 fxe3+ {White resigns} 0-1

[Event "Team 45 45 League T59"]
[Site "Internet Chess Club"]
[Date "2013.11.23"]
[Round "1"]
[White "rom1"]
[Black "Ajolote"]
[Result "1-0"]
[WhiteElo "1598"]
[BlackElo "1571"]
[Opening "QGD: 4.Nf3"]
[ECO "D37"]
[Time "12:00:41"]
[TimeControl "2700+45"]

1. d4 d5 2. c4 e6 3. Nc3 Nf6 4. Nf3 Nc6 5. Bg5 Be7 6. e3 O-O 7. Bd3 h6 8. Bh4
dxc4 9. Bxc4 Nd5 10. Bxe7 Ncxe7 11. O-O Nxc3 12. bxc3 c6 13. Bd3 Qc7 14. Qc2 f5
15. Ne5 Nd5 16. a3 b5 17. c4 bxc4 18. Qxc4 Bd7 19. Rab1 Nb6 20. Qc2 Rab8 21.
Rfc1 Rbc8 22. Ba6 Rcd8 23. Nxc6 Bxc6 24. Qxc6 Qxc6 25. Rxc6 Rf7 26. Rxe6 Rc7 27.
g3 Kf7 28. Re5 g6 29. Rc5 Rxc5 30. dxc5 Na4 31. c6 Nb6 32. Rc1 Ke7 33. c7 Re8
34. c8=Q Nxc8 35. Rxc8 Rxc8 36. Bxc8 Kd8 37. Be6 Ke7 38. Bc4 a5 39. f4 Kf6 40.
Kf2 g5 41. h3 h5 42. Bd3 g4 43. h4 Ke6 44. Ke2 Kf6 45. Kd2 Ke6 46. Kc3 Kf6 47.
Kd4 Ke6 48. Kc5 Kf6 49. Kb5 Ke6 50. Kxa5 Kd5 51. Kb4 Ke6 52. a4 Kf6 53. a5 Ke6
54. a6 Kf6 55. a7 Ke6 56. a8=Q Kf6 57. Qc6+ Kf7 58. Bxf5 Ke7 59. Qd7+ Kf6 60.
Qe6+ Kg7 61. Qg6+ Kf8 62. Qxh5 Ke7 63. Qxg4 Kd6 64. h5 Ke7 65. h6 Kd6 66. h7 Ke7
67. h8=Q Kd6 68. Qg6+ Kc7 69. Qe5+ Kb7 70. Qe7+ Kb8 71. Qg8# {Black checkmated}
1-0

[Event "Team 45 45 League T59"]
[Site "Internet Chess Club"]
[Date "2013.11.24"]
[Round "1"]
[White "AVEMARIA"]
[Black "DouDou"]
[Result "0-1"]
[WhiteElo "1683"]
[BlackElo "1859"]
[Opening "Two knights defense (Modern bishop's opening)"]
[ECO "C55"]
[Time "12:01:08"]
[TimeControl "2700+45"]

1. e4 e5 2. Nf3 Nc6 3. Bc4 Nf6 4. d3 Be7 5. O-O O-O 6. Bb3 Na5 7. Ba4 d6 8. c3
a6 9. Nbd2 b5 10. Bc2 c5 11. Qe2 Nc6 12. Rd1 Bg4 13. h3 Bh5 14. Nf1 Qd7 15. Ng3
Bxf3 16. Qxf3 Rfe8 17. Nf5 Bf8 18. Bg5 Ne7 19. Nxg7 Bxg7 20. Bxf6 Ng6 21. Bxg7
Kxg7 22. Bb3 a5 23. Bd5 Rac8 24. Rac1 Nf4 25. c4 b4 26. Rd2 Kh8 27. Kh2 Rg8 28.
Rg1 Rg7 29. g4 Rcg8 30. Qg3 h5 31. Qh4 Rh7 32. Qf6+ Rgg7 33. f3 hxg4 34. Rxg4
Kg8 35. Rxg7+ Rxg7 36. Qf5 Qe7 37. Qc8+ Kh7 38. Qf5+ Kh8 39. Rd1 Qh4 40. Rg1
Qf2+ {White resigns} 0-1

[Event "Team 45 45 League T59"]
[Site "Internet Chess Club"]
[Date "2013.11.22"]
[Round "1"]
[White "Kingofknights"]
[Black "ilovechess"]
[Result "1-0"]
[WhiteElo "1788"]
[BlackElo "1450"]
[Opening "Grünfeld: 5.e3"]
[ECO "D94"]
[Time "19:00:48"]
[TimeControl "2700+45"]

1. d4 Nf6 2. c4 g6 3. Nc3 d5 4. e3 Bg7 5. Nf3 Nc6 6. Be2 O-O 7. O-O e6 8. a3 Bd7
9. b4 a5 10. b5 Ne7 11. c5 c6 12. Ne5 cxb5 13. Nxd7 Qxd7 14. Bxb5 Nc6 15. Na4
Ne4 16. Nb6 Qc7 17. Nxa8 Rxa8 18. Qc2 Rc8 19. f3 Nf6 20. Bd2 Na7 21. a4 b6 22.
c6 Nxc6 23. Rfc1 Nxd4 24. Qxc7 Rxc7 25. Rxc7 Nxb5 26. Rc8+ Bf8 27. axb5 Nd7 28.
e4 dxe4 29. Rac1 Kg7 30. R1c7 Ne5 31. Bc3 Bd6 32. Rc6 Bc5+ 33. Kf1 Kf6 34. f4 e3
35. fxe5+ Kf5 36. Bxa5 e2+ 37. Kxe2 bxa5 38. Rxc5 a4 39. Ra8 a3 40. Rxa3 {Black
resigns} 1-0

[Event "Team 45 45 League T59"]
[Site "Internet Chess Club"]
[Date "2013.11.21"]
[Round "1"]
[White "ani"]
[Black "tightfist"]
[Result "0-1"]
[WhiteElo "1288"]
[BlackElo "1617"]
[Opening "French: Tarrasch, open variation"]
[ECO "C07"]
[Time "16:39:00"]
[TimeControl "2700+45"]

1. e4 e6 2. d4 d5 3. Nd2 c5 4. exd5 Qxd5 5. Ngf3 Nc6 6. Bc4 Qh5 7. c3 Nf6 8. Be2
Qd5 9. O-O cxd4 10. Bc4 Qc5 11. Re1 b5 12. Bxe6 Bxe6 13. b4 Qxc3 14. Bb2 Qxb2
15. Rb1 Qxa2 16. Rc1 Qd5 17. Rxe6+ {White resigns} 0-1

[Event "Team 45 45 League T59"]
[Site "Internet Chess Club"]
[Date "2013.11.22"]
[Round "1"]
[White "amicusUK"]
[Black "noblitz-oblige"]
[Result "0-1"]
[WhiteElo "1685"]
[BlackElo "1631"]
[Opening "Queen's pawn game"]
[ECO "A46"]
[Time "10:00:49"]
[TimeControl "2700+45"]

1. d4 Nf6 2. Nf3 d6 3. c3 Nc6 4. Bg5 h6 5. Bh4 Bf5 6. Nbd2 e6 7. e3 a6 8. e4 Bg4
9. h3 Bxf3 10. Qxf3 Be7 11. Bd3 Qd7 12. Bg3 O-O 13. O-O e5 14. Nb3 Nh7 15. Rfe1
b5 16. Rad1 Bf6 17. Bb1 a5 18. dxe5 Nxe5 19. Bxe5 Bxe5 20. Nc5 Qc8 21. Nd3 Ng5
22. Qe3 Bf6 23. f4 Ne6 24. Qg3 Qd8 25. Qf3 c6 26. e5 Qb6+ 27. Kh1 dxe5 28. Nxe5
Bxe5 29. Rxe5 Rad8 30. Ree1 Rxd1 31. Rxd1 Rd8 32. f5 Ng5 33. Rxd8+ Qxd8 34. Qd3
Qxd3 35. Bxd3 f6 36. a3 Nf7 37. g4 Ne5 38. Bf1 Kf8 39. Kg2 Ke7 40. Kf2 Kd6 41.
Ke3 Kd5 42. b3 a4 43. bxa4 bxa4 44. Bd3 Nc4+ 45. Bxc4+ Kxc4 46. Kd2 Kb3 47. h4
c5 48. Kd3 Kxa3 49. Kc2 c4 50. h5 Ka2 {White resigns} 0-1

[Event "Team 45 45 League T59"]
[Site "Internet Chess Club"]
[Date "2013.11.22"]
[Round "1"]
[White "RD1974"]
[Black "losscause"]
[Result "1-0"]
[WhiteElo "1681"]
[BlackElo "1584"]
[Opening "Caro-Kann: anti-anti-Caro-Kann defense"]
[ECO "B10"]
[Time "18:06:47"]
[TimeControl "2700+45"]

1. e4 c6 2. c4 d5 3. cxd5 cxd5 4. exd5 Qxd5 5. Nc3 Qd6 6. Nf3 Nf6 7. d4 a6 8.
Qa4+ Bd7 9. Bb5 Nc6 10. d5 Na7 11. Bxd7+ Qxd7 12. Qxd7+ Nxd7 13. Bf4 g6 14. Rd1
Bg7 15. O-O O-O 16. Rfe1 Rfe8 17. Re2 Rac8 18. Ne4 Nb5 19. a4 Na7 20. Rde1 Kf8
21. Nd6 {Black resigns} 1-0

[Event "Team 45 45 League T59"]
[Site "Internet Chess Club"]
[Date "2013.11.24"]
[Round "1"]
[White "JeffH"]
[Black "pmxpp"]
[Result "1-0"]
[WhiteElo "1542"]
[BlackElo "1385"]
[Opening "Ruy Lopez: closed, Chigorin, 12...c5d4"]
[ECO "C96"]
[Time "13:22:43"]
[TimeControl "2700+45"]

1. e4 e5 2. Nf3 Nc6 3. Bb5 a6 4. Ba4 d6 5. O-O Nf6 6. Re1 Be7 7. c3 b5 8. Bb3
O-O 9. h3 Na5 10. Bc2 c5 11. d4 cxd4 12. cxd4 Qc7 13. Nbd2 Bb7 14. Nf1 Rac8 15.
Bd3 Rfe8 16. Bd2 Nc6 17. d5 Nd8 18. Rc1 Qb8 19. Qe2 Ba8 20. Ng3 Nb7 21. Nf5 Bd8
22. Bg5 Nc5 23. Bb1 Bb7 24. b4 Ncd7 25. Qe3 Bb6 26. Qd2 Rxc1 27. Rxc1 Bd8 28.
Bd3 Kh8 29. a3 Ng8 30. Bxd8 Rxd8 31. Qg5 g6 32. Nxd6 Rf8 33. Nxb7 f6 34. Qg4
Qxb7 35. Qe6 Re8 36. Qxe8 Qa7 37. Rc8 {Black resigns} 1-0

[Event "Team 45 45 League T59"]
[Site "Internet Chess Club"]
[Date "2013.11.24"]
[Round "1"]
[White "Schachteufel"]
[Black "JasonModer"]
[Result "1-0"]
[WhiteElo "1684"]
[BlackElo "1581"]
[Opening "Scotch: Göring gambit"]
[ECO "C44"]
[Time "09:00:43"]
[TimeControl "2700+45"]

1. e4 e5 2. Nf3 Nc6 3. d4 exd4 4. c3 dxc3 5. Nxc3 Bc5 6. Bc4 Nge7 7. Ng5 Ne5 8.
Bb3 O-O 9. f4 N5g6 10. Qh5 h6 11. Nxf7 Rxf7 12. Bxf7+ Kxf7 13. Qxc5 d6 14. Qh5
Qe8 15. O-O Qc6 16. f5 Qc5+ 17. Kh1 Kg8 18. Nd5 Qc4 19. Bxh6 gxh6 20. fxg6 Qxe4
21. Nf6+ Kg7 22. Nxe4 Nxg6 23. Rf6 Bf5 24. Qxf5 Ne5 25. Qh5 Rh8 26. Rc1 c6 27.
Rxd6 Nf7 28. Rd7 Rf8 29. Rf1 Kg8 30. Rfxf7 Rc8 31. Qxh6 Re8 32. Qg7# {Black
checkmated} 1-0

[Event "Team 45 45 League T59"]
[Site "Internet Chess Club"]
[Date "2013.11.22"]
[Round "1"]
[White "skwex"]
[Black "Littlemon"]
[Result "1-0"]
[WhiteElo "1572"]
[BlackElo "1432"]
[Opening "Scotch game"]
[ECO "C45"]
[Time "17:02:01"]
[TimeControl "2700+45"]

1. e4 e5 2. Nf3 Nc6 3. d4 exd4 4. Nxd4 Bc5 5. Be3 Qf6 6. c3 Nge7 7. Bc4 O-O 8.
O-O Bb6 9. f4 d6 10. Na3 Re8 11. Nac2 Nxd4 12. cxd4 Be6 13. Bd3 Bd7 14. e5 dxe5
15. fxe5 Qe6 16. Qf3 Bc6 17. Qh5 Ng6 18. Rf2 Bd7 19. h3 c5 20. dxc5 Bc7 21. Bd4
Bxe5 22. Bxe5 Nxe5 23. Qxh7+ Kf8 24. Bf5 Qd5 25. Bxd7 Nxd7 26. Qh8+ Ke7 27. Re1+
Ne5 28. Qxg7 Qxc5 29. Rxe5+ Qxe5 30. Qxe5+ Kf8 31. Qf6 Re7 32. Qh8# {Black
checkmated} 1-0

[Event "Team 45 45 League T59"]
[Site "Internet Chess Club"]
[Date "2013.11.22"]
[Round "1"]
[White "MisterDoob"]
[Black "Pomberito"]
[Result "1-0"]
[WhiteElo "2296"]
[BlackElo "2122"]
[Opening "Budapest: Rubinstein variation"]
[ECO "A52"]
[Time "18:00:15"]
[TimeControl "2700+45"]

1. d4 Nf6 2. c4 e5 3. dxe5 Ng4 4. Bf4 Nc6 5. Nf3 Bb4+ 6. Nc3 Qe7 7. Qb3 Na5 8.
Qc2 Nxc4 9. a3 Qc5 10. e3 Nxa3 11. Rxa3 Bxa3 12. bxa3 Qxa3 13. h3 Nh6 14. Be2
Qa1+ 15. Bd1 Qa5 16. O-O Nf5 17. Ne4 Ne7 18. e6 d6 19. exf7+ Kxf7 20. Neg5+ Ke8
21. Nd4 Bf5 22. Nxf5 Nxf5 23. Qe4+ Ne7 24. Ba4+ c6 25. Ne6 Kf7 26. Bb3 d5 27.
Nxg7 Ng6 28. Qf5+ Kxg7 29. Qd7+ Kf6 30. Bh6 Rhg8 31. f4 Nf8 32. Bg5+ Rxg5 33.
fxg5+ Ke5 34. Qe7+ Ne6 35. Rf5+ Kxf5 36. Qf6+ Ke4 37. Bc2+ {Black resigns} 1-0

[Event "Team 45 45 League T59"]
[Site "Internet Chess Club"]
[Date "2013.11.23"]
[Round "1"]
[White "Ianjo"]
[Black "santiagoelawad"]
[Result "1-0"]
[WhiteElo "1863"]
[BlackElo "1903"]
[Opening "Caro-Kann: advance variation"]
[ECO "B12"]
[Time "15:06:51"]
[TimeControl "2700+45"]

1. e4 c6 2. d4 d5 3. e5 c5 4. dxc5 Nc6 5. Bb5 e6 6. Be3 Ne7 7. c3 Bd7 8. Nf3
Nxe5 9. Bxd7+ Nxd7 10. Nbd2 Nf5 11. b4 Nxe3 12. fxe3 Qc7 13. e4 Nf6 14. Qa4+ Qd7
15. Qxd7+ Kxd7 16. O-O-O Be7 17. c4 Rhd8 18. Ne5+ Ke8 19. exd5 exd5 20. Rhe1 Kf8
21. h3 a5 22. c6 bxc6 23. Nxc6 Rd7 24. b5 Bb4 25. Re2 Ba3+ 26. Kc2 Rb7 27. Kb3
Bc5 28. a4 Rd7 29. Rde1 g6 30. g4 h6 31. Rf1 Kg7 32. cxd5 Nxd5 33. Nc4 Nb4 34.
N4xa5 Nxc6 35. Nxc6 Bb6 36. Kb4 Rd3 37. a5 Bc7 38. b6 Bd6+ 39. Kc4 Rxh3 40. b7
Ra6 41. Kb5 {Black resigns} 1-0

[Event "Team 45 45 League T59"]
[Site "Internet Chess Club"]
[Date "2013.11.23"]
[Round "1"]
[White "jjimalo"]
[Black "LuxAeterna"]
[Result "1/2-1/2"]
[WhiteElo "1955"]
[BlackElo "2005"]
[Opening "Queen's pawn"]
[ECO "A40"]
[Time "11:00:42"]
[TimeControl "2700+45"]

1. d4 c6 2. g3 d5 3. Bg2 Nf6 4. Nf3 Bf5 5. O-O e6 6. c4 dxc4 7. Ne5 Nbd7 8. Nxc4
h6 9. Nc3 Be7 10. e4 Bg6 11. Qe2 O-O 12. a4 a5 13. Rd1 Re8 14. Be3 Qc7 15. Rac1
Rec8 16. Bf4 Qd8 17. d5 cxd5 18. exd5 Bh5 19. f3 Ra6 20. d6 Bf8 21. g4 Bg6 22.
Ne5 Bxd6 23. Rxd6 Rxd6 24. Nxg6 fxg6 25. Bxd6 Qb6+ 26. Kh1 Qxd6 27. Rd1 Qb6 28.
f4 Nc5 29. g5 Nh5 30. Rd4 Rf8 31. Qc4 Nb3 32. Re4 Nc5 33. Rd4 Nb3 34. Re4 Nd2
35. Qxe6+ Qxe6 36. Rxe6 Nxf4 37. Rb6 Nxg2 38. Kxg2 Rf7 39. gxh6 Kh7 40. hxg7
Kxg7 41. Rb5 Nc4 42. Nd5 Kh6 43. b3 Nd2 44. Rxa5 Nxb3 45. Rb5 Nd4 46. Rb4 Nc6
47. Rb5 g5 48. Rb6 Kh5 49. h3 g4 50. hxg4+ {Game drawn by mutual agreement}
1/2-1/2

[Event "Team 45 45 League T59"]
[Site "Internet Chess Club"]
[Date "2013.11.24"]
[Round "1"]
[White "iletrado"]
[Black "gerailen0075"]
[Result "0-1"]
[WhiteElo "1808"]
[BlackElo "1809"]
[Opening "QGD semi-Slav"]
[ECO "D43"]
[Time "18:00:40"]
[TimeControl "2700+45"]

1. d4 d5 2. c4 c6 3. Nf3 Nf6 4. Nc3 e6 5. g3 dxc4 6. Ne5 b5 7. Bg2 Nd5 8. O-O
Be7 9. e4 Nxc3 10. bxc3 Bb7 11. Qg4 O-O 12. Rd1 Nd7 13. Nxd7 Qxd7 14. Bh6 g6 15.
Bxf8 Bxf8 16. d5 cxd5 17. exd5 f5 18. dxe6 Qxe6 19. Bxb7 fxg4 20. Bd5 Qxd5 21.
Rxd5 a6 22. Re1 Bg7 23. Rc1 Rb8 24. Rg5 Bh6 {White resigns} 0-1

[Event "Team 45 45 League T59"]
[Site "Internet Chess Club"]
[Date "2013.11.24"]
[Round "1"]
[White "Greedy-Reedy"]
[Black "chessfan"]
[Result "1-0"]
[WhiteElo "2025"]
[BlackElo "1855"]
[Opening "Caro-Kann: classical variation"]
[ECO "B18"]
[Time "11:02:39"]
[TimeControl "2700+45"]

1. e4 c6 2. d4 d5 3. Nd2 dxe4 4. Nxe4 Bf5 5. Ng3 Bg6 6. N1e2 Nd7 7. Nf4 e6 8. h4
Ngf6 9. h5 Be4 10. Qe2 Bd5 11. c4 Bb4+ 12. Kd1 Qb6 13. cxd5 Qxd4+ 14. Nd3 Nxd5
15. Be3 Qf6 16. Ne4 Qe7 17. a3 Ba5 18. h6 gxh6 19. Rxh6 O-O-O 20. Kc2 Nxe3+ 21.
Qxe3 Bb6 22. Qf4 Nc5 23. Nexc5 Bxc5 24. Qc4 Bb6 25. Qh4 Qd6 26. Be2 Bd4 27. Rd1
b5 28. Qe4 a5 29. Bf3 Kb7 30. Kb1 b4 31. axb4 axb4 32. Ne5 {Black resigns} 1-0

[Event "Team 45 45 League T59"]
[Site "Internet Chess Club"]
[Date "2013.11.21"]
[Round "1"]
[White "laurenpar"]
[Black "LiangLiang"]
[Result "1-0"]
[WhiteElo "1898"]
[BlackElo "1837"]
[Opening "Pirc: classical, h3 system"]
[ECO "A48"]
[Time "22:05:27"]
[TimeControl "2700+45"]

1. Nf3 Nf6 2. d4 g6 3. Nc3 Bg7 4. e4 d6 5. h3 O-O 6. Be3 Nbd7 7. Be2 c5 8. O-O
Qc7 9. Qd2 cxd4 10. Nxd4 a6 11. a4 Ne5 12. b3 Nc6 13. Rac1 Bd7 14. Nd5 Nxe4 15.
Nxc7 Nxd2 16. Nxc6 Nxf1 17. Nxe7+ Kh8 18. Kxf1 Bc6 19. Nxa8 Rxa8 20. Nxc6 bxc6
21. c4 Rb8 22. Bd1 c5 23. Bc2 Rd8 24. Rd1 f5 25. Bxc5 Be5 26. g3 f4 27. gxf4
Bxf4 28. Bd4+ Kg8 29. Bc3 Kf7 30. b4 Ke6 31. Re1+ Kd7 32. Be4 Rc8 33. Bd5 {Black
resigns} 1-0

[Event "Team 45 45 League T59"]
[Site "Internet Chess Club"]
[Date "2013.11.24"]
[Round "1"]
[White "Otelo"]
[Black "lacibacsi"]
[Result "0-1"]
[WhiteElo "1808"]
[BlackElo "1973"]
[Opening "Caro-Kann defense"]
[ECO "B15"]
[Time "16:01:13"]
[TimeControl "2700+45"]

1. e4 c6 2. d4 d5 3. Nd2 dxe4 4. Nxe4 Nf6 5. Ng5 Bf5 6. Bc4 e6 7. Bf4 Bd6 8. Be5
Bxe5 9. dxe5 Qa5+ 10. Kf1 Qxe5 11. N1f3 Qc5 12. Bb3 O-O 13. Qe2 Nbd7 14. h4 Bg4
15. h5 Qxg5 16. Nxg5 Bxe2+ 17. Kxe2 h6 18. Nf3 Rad8 19. c3 Nc5 20. Bc2 Rd5 21.
Rag1 Rxh5 22. Rxh5 Nxh5 23. g4 Nf4+ 24. Ke3 Nd5+ 25. Kd4 Nd7 26. g5 h5 27. g6
c5+ 28. Ke4 fxg6 29. Ng5 Rxf2 30. Nxe6 N5f6+ 31. Ke3 Rxc2 32. Rxg6 Kf7 {White
resigns} 0-1

[Event "Team 45 45 League T59"]
[Site "Internet Chess Club"]
[Date "2013.11.24"]
[Round "1"]
[White "Tobiasdelmonte"]
[Black "MBAStudent"]
[Result "1-0"]
[WhiteElo "1788"]
[BlackElo "1675"]
[Opening "Sicilian"]
[ECO "B56"]
[Time "15:07:49"]
[TimeControl "2700+45"]

1. e4 c5 2. Nc3 d6 3. Nf3 Nc6 4. d4 cxd4 5. Nxd4 Nf6 6. Be3 Bd7 7. f3 e6 8. Qd2
Be7 9. g4 Ne5 10. g5 Ng8 11. O-O-O Rc8 12. Kb1 Nc4 13. Bxc4 Rxc4 14. h4 a6 15.
f4 Bc6 16. h5 h6 17. g6 Nf6 18. gxf7+ Kxf7 19. Rhg1 Nxe4 20. Nxe4 Bxe4 21. Rxg7+
Ke8 22. Rdg1 Kd7 23. b3 Qb6 24. Rxe7+ Kxe7 25. Nf5+ Bxf5 26. Bxb6 Rc6 27. Rc1
Rxb6 28. Qd4 {Black resigns} 1-0